 Dungeon Crawl Stone Soup version 0.26.0-10-g1f06aea511 (webtiles) character file.

Game seed: 861125486420320087

149 Dani the Chopper (level 5, -1/41 HPs)
             Began as a Demonspawn Fighter on Jan 16, 2021.
             Killed by divine providence
             ... invoked by an orc priest
              (12 damage)
             ... on level 3 of the Dungeon.
             The game lasted 00:02:07 (2908 turns).

Dani the Chopper (Demonspawn Fighter)               Turns: 2908, Time: 00:02:08

Health: -1/41      AC:  6    Str: 17    XL:     5   Next: 9%
Magic:  5/5        EV:  7    Int:  9    God:
Gold:   167        SH:  9    Dex: 13    Spells: 4/4 levels left

rFire    . . .     SeeInvis .   a - +0 war axe
rCold    . . .     Faith    .   c - +0 kite shield
rNeg     . . .     Spirit   .   b - +0 scale mail
rPois    .         Reflect  .   (helmet restricted)
rElec    .         Harm     .   (no cloak)
rCorr    .         Rampage  .   (no gloves)
Will     .....                  (no boots)
Stlth    ..........             (no amulet)
HPRegen  0.13/turn              (no ring)
MPRegen  0.09/turn              (no ring)

@: no status effects
A: horns 1
a: no special abilities


You were on level 3 of the Dungeon.
You visited 1 branch of the dungeon, and saw 4 of its levels.

You collected 167 gold pieces.

Inventory:

Hand Weapons
 a - a +0 war axe (weapon)
Armour
 b - a +0 scale mail (worn)
 c - a +0 kite shield (worn)
Wands
 m - a wand of iceblast (7)
Scrolls
 e - a scroll of noise {unknown}
 h - 3 scrolls of identify {unknown}
 i - a scroll of blinking {unknown}
 l - a scroll of immolation {unknown}
 n - a scroll of magic mapping {unknown}
 o - 4 scrolls of teleportation {unknown}
Potions
 d - a potion of might
 f - 2 potions of invisibility {unknown}
 g - 2 potions of degeneration {unknown}
 j - a potion of haste {unknown}
 k - 2 potions of curing {unknown}
 p - a potion of resistance {unknown}


   Skills:
 + Level 3.6 Fighting
 * Level 4.1 Axes
 - Level 2.6 Armour
 + Level 0.2 Dodging
 + Level 0.3 Stealth
 + Level 3.1 Shields


You had 4 spell levels left.
You didn't know any spells.
Your spell library was empty.

Dungeon Overview and Level Annotations

Branches:
Dungeon (4/15)
 Temple: D:4-7

Altars:
Makhleb


Innate Abilities, Weirdness & Mutations

You have a pair of small horns on your head.


Message History

You are too injured to fight recklessly!
Unknown command.
You are too injured to fight recklessly!
You are too injured to fight recklessly!
You are too injured to fight recklessly!
You hit the orc. Your headbutt misses the orc.
The orc is almost dead.
Your shield and scale mail prevent you from hitting the goblin.
The orc priest calls upon Beogh to heal the orc.
The orc is healed somewhat.
The orc hits you but does no damage. The goblin hits you but does no damage.
You closely miss the orc.
The orc is lightly wounded.
You slash the orc!
You kill the orc!
You slash the goblin!
You kill the goblin!
The orc priest invokes the aid of Beogh against you.
Beogh smites you!
You die...

........ ..........
..##.... ......... .#
...#.... ......... ..#
........ ......... ..###
........ #......##.....
........ #.....o.......
......#. #....)........
...>.... #@o......
........ #........
........ #........
####.... #........ #.##.
#.........+ #.##.
#.........# #.##.
########.........# #.##.
#.....##.........##+#.##)
#................#....##.


You could see an orc priest and an orc.

Vanquished Creatures
  Jessica (D:3)
  3 adders (D:3)
  An ooze (D:3)
  3 worms (D:2)
  2 dart slugs (D:1)
  5 leopard geckos
  4 orcs (D:3)
  2 giant cockroaches
  7 hobgoblins
  12 jackals
  5 kobolds
  3 quokkas
  8 bats
  3 frilled lizards
  5 goblins
  8 rats
72 creatures vanquished.

Notes
Turn   | Place    | Note
-------+----------+-------------------------------------------
     0 | D:1      | Dani the Demonspawn Fighter began the quest for the Orb.
     0 | D:1      | Reached XP level 1. HP: 18/18 MP: 1/1
   253 | D:1      | Gained mutation: You have a pair of small horns on your
                  | head. [demonic ancestry]
   253 | D:1      | Reached XP level 2. HP: 24/24 MP: 2/2
   255 | D:1      | Reached skill level 2 in Axes
   949 | D:1      | Reached XP level 3. HP: 29/29 MP: 3/3
  1311 | D:2      | Reached skill level 3 in Axes
  1823 | D:2      | Reached XP level 4. HP: 35/35 MP: 4/4
  2083 | D:3      | Noticed Jessica
  2089 | D:3      | Killed Jessica
  2398 | D:3      | Found a burning altar of Makhleb.
  2464 | D:3      | Reached skill level 4 in Axes
  2464 | D:3      | Reached XP level 5. HP: 29/41 MP: 5/5
  2908 | D:3      | Killed from afar by an orc priest

Illustrated notes

Levels and vault maps discovered:
D:1:      dpeg_arrival_snail, layout_basic, corexii_leaking_fountain,
          minmay_tetromino_l2
D:2:      layout_basic, minmay_misc_feat_cross, minmay_small_reverse_x
D:3:      layout_basic, bloody_makhleb, uniq_jessica
D:4:      black_bear_nest_2, layout_basic, overflow_temple_1_default,
          uniq_edmund, uniq_menkaure, uniq_grinder

Skill      XL: |  1  2  3  4 |
---------------+-------------+-----
Axes           | 2 3 4 |  4.1
Shields        | 3 |  3.1
Fighting       | |  3.6
Armour         | |  2.6
Dodging        | |  0.2
Stealth        | |  0.3

Action                   |  1- 3 |  4- 6 || total
-------------------------+-------+-------++-------
Melee: War axe           |   108 |    69 ||   177
       Headbutt          |    15 |     8 ||    23
Armor: Scale mail        |    54 |    36 ||    90
Dodge: Dodged            |    44 |    28 ||    72
Block: Kite shield       |    60 |    38 ||    98
